 Dungeon Crawl Stone Soup version 0.31.0-9-g3a7656b989 (webtiles) character file.

Game seed: 13061973881326284285

69251 Baz the Brawler (level 14, -14/129 HPs)
             Began as a Yellow Draconian Shapeshifter on Jan 26, 2024.
             Was a High Priest of Vehumet.
             Demolished by a seven-headed hydra simulacrum (36 damage)
             ... in a Gauntlet.
             The game lasted 00:55:43 (27007 turns).

Baz the Brawler (Yellow Draconian Shapeshifter)    Turns: 27007, Time: 00:55:43

Health: -14/129    AC: 10    Str: 16    XL:     14   Next: 89%
Magic:  27/27      EV: 23    Int: 21    God:    Vehumet [*****.]
Gold:   1745       SH:  0    Dex: 12    Spells: 6/31 levels left

rFire   . .          .
                       - Unarmed
rCold   . . .        (shield currently unavailable)
rNeg    . . .        (body armour unavailable)
rPois   .            (helmet restricted)
rElec   .            N - +0 cloak
rCorr   +            (no gloves)
SInv    .            v - +0 pair of boots
Will    +....        I - amulet of magic regeneration
Stlth   +            f - +5 ring of evasion
HPRegen 0.41/turn    M - +6 ring of intelligence
MPRegen 0.60/turn

%: no teleportation
@: flux-form, slowed, glowing, very slow
A: glow, contaminating, spit acid, AC +8, unfitting armour, acidic bite,
cold-blooded, acid resistance
a: Breathe Acid, Begin Untransformation, Renounce Religion


You were in a Gauntlet.
You worshipped Vehumet.
Vehumet was extremely pleased with you.
You were something dangerously unstable.
You visited 3 branches of the dungeon, and saw 19 of its levels.
You also visited: Gauntlet.

You collected 1781 gold pieces.
You spent 36 gold pieces at shops.

Inventory:

Armour
 v - a +0 pair of boots (worn)
 N - a +0 cloak (worn)
Jewellery
 f - a +5 ring of evasion (left hand)
 G - a ring of flight
 I - an amulet of magic regeneration (around neck)
 M - a +6 ring of intelligence (right hand)
 P - a ring of poison resistance
 Q - a +6 ring of intelligence
 R - the ring "Boypp" {AC+4 Str+3}
   (You found it in a Gauntlet)

   [ring of protection]

   AC+4:      It affects your AC (+4).
   Str+3:     It affects your strength (+3).
Talismans
 b - a beast talisman
 c - a flux talisman (active)
 x - a serpent talisman
Wands
 a - a wand of mindburst (15)
 d - a wand of quicksilver (8)
 w - a wand of roots (9)
 y - a wand of digging (8)
 B - a wand of flame (19)
 F - a wand of charming (9)
Scrolls
 e - 4 scrolls of butterflies
 g - 2 scrolls of enchant armour
 i - 2 scrolls of blinking
 k - 2 scrolls of fog
 l - 2 scrolls of noise
 o - 3 scrolls of amnesia
 q - a scroll of poison
 t - 2 scrolls of immolation
 u - 3 scrolls of fear
 E - 2 scrolls of teleportation
 H - a scroll of vulnerability
 J - a scroll of brand weapon
 O - 2 scrolls of silence
Potions
 h - 3 potions of heal wounds
 j - a potion of brilliance
 m - 2 potions of haste
 n - 2 potions of mutation
 p - a potion of attraction {unknown}
 r - a potion of resistance {unknown}
 s - 2 potions of degeneration {unknown}
 z - 4 potions of magic {unknown}
 A - 2 potions of curing
 C - a potion of cancellation {unknown}
 D - 4 potions of enlightenment {unknown}
 K - a potion of lignification
Miscellaneous
 L - a phial of floods


   Skills:
 + Level 13.3 Fighting
 + Level 7.0 Dodging
 + Level 16.6 Unarmed Combat
 - Level 9.0 Spellcasting
 - Level 3.2 Alchemy
 + Level 11.6 Shapeshifting


You had 6 spell levels left.
You knew the following spells:

 Your Spells              Type           Power      Damage    Failure   Level
a - Momentum Strike       Conj/Tloc      18%        3d8       3%          2
b - Flame Wave            Conj/Fire      9%         2d6       17%         4
c - Mercury Vapours       Alch/Air       32%        N/A       1%          2
d - Eringya's Noxious Bo  Alch           11%        4d6       54%         6
e - Bombard               Conj/Erth      4%         9d2       92%         6
f - Arcjolt               Conj/Air       4%         1d14      43%         5

Your spell library contained the following spells:

 Spells                   Type           Power      Damage    Failure   Level
 Magic Dart               Conj           36%        1d4       1%          1
 Sting                    Conj/Alch      64%        1d7       1%          1
 Searing Ray              Conj           18%        2d5       3%          2
 Mephitic Cloud           Conj/Alch/Air  14%        N/A       4%          3
 Apportation              Tloc           18%        N/A       7%          1
 Necrotise                Necr           36%        1d5       7%          1
 Summon Small Mammal      Summ           36%        N/A       7%          1
 Jinxbite                 Hex            18%        N/A       11%         2
 Fulminant Prism          Conj/Alch      8%         3d7       11%         4
 Call Canine Familiar     Summ           9%         N/A       22%         3
 Freezing Cloud           Conj/Ice/Air   4%         6-21      43%         5
 Alistair's Intoxication  Alch           15%        N/A       45%         5
 Animate Dead             Necr           9%         N/A       56%         4
 Summon Blazeheart Golem  Fire/Summ      9%         N/A       56%         4
 Borgnjor's Vile Clutch   Necr/Erth      4%         N/A       89%         5
 Death Channel            Necr           4%         N/A       100%        6


Dungeon Overview and Level Annotations

Branches:
Dungeon (12/15)            Temple (0/1) D:5            Lair (5/5) D:9
  Swamp (0/4) Lair:2        Snake (0/4) Lair:2        Slime (0/5) Lair:5
    Orc (2/2) D:10            Elf (0/3) Orc:2       Gauntlet (1/1)

Altars:
Ashenzari
Dithmenos
Elyvilon
Fedhas
Hepliaklqana
Nemelex Xobeh
Qazlal
Trog
Vehumet
Xom
Yredelemnul
Zin
The Shining One
Jiyva

Shops:
D:2 *   D:8 (   Orc:2 [[([

Annotations:
D:11 1 runed translucent door
Lair:1 1 runed translucent door, Melody's ghost, journeyman TrFi
Lair:5 1 runed translucent door Gauntlet 9 transporters, exclusion: obsidian statue


Innate Abilities, Weirdness & Mutations

You are something dangerously unstable.
You glow with magical radiation, making you easy to see and hit.
Foes you strike become dangerously contaminated with magical radiation.
You are incapable of wielding weapons or throwing items.
You can spit globs of acid.
Your golden yellow scales are hard. (AC +8)
You cannot fit into any form of body armour.
You have acidic saliva.
You are cold-blooded and may be slowed by cold attacks.
You are resistant to acid. (rCorr)


Message History

The centaur warrior simulacrum hits you.
The centaur warrior simulacrum freezes you!
The centaur warrior simulacrum closely misses you.
You punch the centaur warrior simulacrum!
The centaur warrior simulacrum shudders as magic cascades through it!!
The centaur warrior simulacrum vaporises!
Vehumet accepts your kill.
Unknown command.
You punch the centaur warrior simulacrum!
The centaur warrior simulacrum begins to glow.
The centaur warrior simulacrum is heavily damaged.
The centaur warrior simulacrum hits you but does no damage.
The centaur warrior simulacrum kicks you but does no damage.
You hit the centaur warrior simulacrum.
The centaur warrior simulacrum glows dangerously bright.
You bite the centaur warrior simulacrum.
The centaur warrior simulacrum is heavily damaged.
The centaur warrior simulacrum closely misses you. x2
You punch the centaur warrior simulacrum!
The centaur warrior simulacrum shudders as magic cascades through it!
The centaur warrior simulacrum vaporises!
Vehumet accepts your kill.
You punch the seven-headed hydra simulacrum!
The seven-headed hydra simulacrum begins to glow.
The seven-headed hydra simulacrum is moderately damaged.
The seven-headed hydra simulacrum bites you!
The seven-headed hydra simulacrum freezes you!!
You feel yourself slow down.
The seven-headed hydra simulacrum bites you.
The seven-headed hydra simulacrum freezes you!!
The seven-headed hydra simulacrum bites you.
The seven-headed hydra simulacrum freezes you!
You feel as though you will be slow longer.
* * * LOW HITPOINT WARNING * * *
The seven-headed hydra simulacrum completely misses you.
The seven-headed hydra simulacrum closely misses you.
The seven-headed hydra simulacrum bites you.
* * * LOW HITPOINT WARNING * * *
The seven-headed hydra simulacrum freezes you!!!
You die...

..##≈§..............########
.# ##.8.....8...............
##...............8.....8..
#≈...###########..........
##...##.......##...#######
#≈...#.#.....#.#...#......
##...#..#...#..#####.###.#
#≈...#!.Z#Z#...#...#.###..
##.8.#©..p#©ZZZ#©8©#©###©.
#≈...#=..#.#...#...#..^.##
##...#[.#...#..#####(..^##
#≈...#.#.....#.#...#......
##...##.......##...#######
#≈...###########..........
##...............8....§8..
#≈§8......8.......§§§.§...
##...............#§#§#≈#≈#


You could see a seven-headed hydra simulacrum (contam) and a centaur warrior
simulacrum.

Vanquished Creatures
  An orc warlord (Orc:1)
  A slime creature (D:12)
  5 hydras
  A catoblepas (Lair:4)
  8 two-headed ogres
  A boulder beetle (D:12)
  A deep troll shaman (Lair:4)
  A tengu warrior (D:10)
  14 death yaks
  Urug (D:10)
  A thrashing horror (Gauntlet)
  An orc high priest (Orc:2)
  Nergalle (D:10)
  Amaemon (D:9)
  A bog body (Lair:2)
  5 orc knights (Orc:2)
  A cyclops (Orc:2)
  5 orc sorcerers (Orc:2)
  An ugly thing (D:11)
  Maurice (Orc:2)
  13 elephants
  2 guardian serpents
  9 black mambas
  An orange demon (D:9)
  A kobold blastminer (Orc:2)
  16 cane toads
  A rime drake (Lair:3)
  A torpor snail (Lair:2)
  2 unseen horrors
  7 komodo dragons
  A tengu conjurer (D:10)
  3 trolls
  2 polar bears
  A hornet (D:7)
  3 saltlings (Orc:2)
  13 blink frogs
  14 dream sheep
  3 centaur simulacra (Gauntlet)
  Sigmund (D:2)
  3 small abominations (Gauntlet)
  2 vampires (D:10)
  40 yaks
  5 wyverns
  A human (D:9)
  4 vampire mosquitoes (D:10)
  4 basilisks
  A warg (Orc:1)
  2 steam dragons (D:7)
  Menkaure (D:5)
  A swamp worm (Lair:2)
  An acid dragon (D:8)
  17 water moccasins
  Duvessa (D:7)
  A sky beast (D:7)
  3 ice beasts
  14 orc warriors
  4 black bears
  5 ogres
  2 crocodiles (D:7)
  13 wolves
  3 centaurs
  A phantom (D:5)
  3 kobold brigands
  12 bullfrogs
  2 gnoll sergeants
  3 scorpions
  4 wights (D:7)
  Dowan (D:7)
  2 killer bees (D:7)
  An electric eel (Lair:2)
  A howler monkey (D:10)
  5 bombardier beetles
  7 jellies (D:7)
  2 gnoll boudas
  8 orc priests
  2 hounds
  4 sleepcaps
  2 iguanas (D:6)
  8 orc wizards
  11 hell rats
  11 adders
  15 gnolls
  2 shadow imps
  A white imp (D:5)
  2 ufetubi (D:6)
  A dart slug (D:2)
  3 ribbon worms
  37 orcs
  8 ball pythons
  8 endoplasms
  3 giant cockroaches
  6 goblins
  7 hobgoblins
  3 jackals (D:4)
  28 kobolds
  4 quokkas
  4 bats
  A frilled lizard (D:3)
  A jackal skeleton (D:9)
  3 rats
501 creatures vanquished.

Vanquished Creatures (others)
  An orc priest (Orc:2)
  An orc wizard (D:8)
2 creatures vanquished.

Grand Total: 503 creatures vanquished

Notes
Turn   | Place    | Note
-------+----------+-------------------------------------------
     0 | D:1      | Baz the Draconian Shapeshifter began the quest for the Orb.
     0 | D:1      | Reached XP level 1. HP: 16/16 MP: 1/1
   417 | D:1      | Found a faded altar of an unknown god.
   417 | D:1      | Noticed a neqoxec
   483 | D:1      | Prayed at the altar of an unknown god.
   483 | D:1      | Became a worshipper of Vehumet
   483 | D:1      | Reached * piety under Vehumet
   483 | D:1      | Offered knowledge of Kiss of Death by Vehumet.
   534 | D:1      | Reached XP level 2. HP: 23/23 MP: 2/2
  1199 | D:2      | Found Luigh's Assorted Antiques.
  1205 | D:2      | Bought a scroll labelled PUEFICODAN for 19 gold pieces
  1205 | D:2      | Bought a viscous yellow potion for 17 gold pieces
  1335 | D:2      | Reached XP level 3. HP: 29/29 MP: 3/3
  1486 | D:2      | Offered knowledge of Momentum Strike by Vehumet.
  1503 | D:2      | Learned a level 2 spell: Momentum Strike
  1680 | D:2      | Reached skill level 1 in Spellcasting
  1725 | D:2      | Noticed Sigmund
  1736 | D:2      | Killed Sigmund
  1737 | D:2      | Reached skill level 4 in Unarmed Combat
  1737 | D:2      | Reached XP level 4. HP: 28/37 MP: 4/6
  1737 | D:2      | Reached XP level 5. HP: 34/44 MP: 4/7
  1825 | D:2      | Reached ** piety under Vehumet
  2131 | D:3      | Reached XP level 6. HP: 25/51 MP: 7/9
  2897 | D:4      | Reached skill level 5 in Unarmed Combat
  3254 | D:4      | Found a stormy altar of Qazlal.
  3317 | D:4      | Offered knowledge of Dazzling Flash by Vehumet.
  3390 | D:4      | Your scales start taking on a golden yellow colour.
  3390 | D:4      | Reached XP level 7. HP: 57/57 MP: 10/10
  3390 | D:4      | Gained mutation: You are resistant to acid. (rCorr) [Yellow
                  | Draconian growth]
  3502 | D:4      | Reached *** piety under Vehumet
  3631 | D:4      | Found a radiant altar of Vehumet.
  3827 | D:4      | Offered knowledge of Flame Wave by Vehumet.
  3828 | D:4      | Reached skill level 6 in Unarmed Combat
  3835 | D:4      | Learned a level 4 spell: Flame Wave
  4054 | D:5      | Entered Level 5 of the Dungeon
  4092 | D:5      | Noticed Menkaure
  4106 | D:5      | Killed Menkaure
  4122 | D:5      | Found a staircase to the Ecumenical Temple.
  4569 | D:5      | Reached XP level 8. HP: 7/67 MP: 10/13
  4874 | D:5      | Found a blossoming altar of Fedhas.
  4914 | D:6      | Found a shadowy altar of Dithmenos.
  5230 | D:6      | Reached skill level 7 in Unarmed Combat
  5231 | D:6      | Reached skill level 5 in Shapeshifting
  5475 | D:6      | Reached skill level 5 in Fighting
  5655 | D:6      | Reached **** piety under Vehumet
  5780 | D:6      | Found a white marble altar of Elyvilon.
  5780 | D:6      | Found a glowing silver altar of Zin.
  5780 | D:6      | Found a glowing golden altar of the Shining One.
  6359 | D:7      | Offered knowledge of Hailstorm by Vehumet.
  6360 | D:7      | Reached skill level 8 in Unarmed Combat
  6431 | D:7      | Reached XP level 9. HP: 66/75 MP: 15/15
  6534 | D:7      | Noticed Dowan
  6537 | D:7      | Noticed Duvessa
  6565 | D:7      | Killed Duvessa
  6570 | D:7      | Killed Dowan
  6901 | D:7      | Found a shimmering altar of Xom.
  6939 | D:7      | Reached skill level 5 in Spellcasting
  7156 | D:7      | Reached skill level 9 in Unarmed Combat
  7290 | D:7      | Noticed a two-headed ogre
  7559 | D:7      | Killed a two-headed ogre
  7745 | D:7      | Reached XP level 10. HP: 53/86 MP: 18/18
  7902 | D:7      | Paralysed by a hornet for 3 turns
  8131 | D:7      | Noticed a two-headed ogre
  8179 | D:7      | Killed a two-headed ogre
  8180 | D:7      | Reached skill level 10 in Unarmed Combat
  8514 | D:7      | Identified the +8 great sword of Ointment {heavy, Will+
                  | rCorr Str-5 Int+6}
  8923 | D:8      | Noticed a two-headed ogre
  8932 | D:8      | Killed a two-headed ogre
  9008 | D:8      | Found Ynasch's Antique Weapon Shop.
  9341 | D:8      | Found a hazy altar of Hepliaklqana.
  9350 | D:8      | Found a sparkling altar of Nemelex Xobeh.
  9612 | D:9      | Found a bloodstained altar of Trog.
  9633 | D:9      | Noticed a death yak
  9633 | D:9      | Noticed a two-headed ogre
  9638 | D:9      | Noticed a death yak
  9640 | D:9      | Noticed a death yak
  9643 | D:9      | Noticed a death yak
  9643 | D:9      | Noticed a death yak
  9644 | D:9      | Killed a two-headed ogre
  9644 | D:9      | Noticed a death yak
  9645 | D:9      | Reached skill level 11 in Unarmed Combat
  9659 | D:9      | Killed a death yak
  9686 | D:9      | Killed a death yak
  9687 | D:9      | Reached XP level 11. HP: 49/95 MP: 21/21
  9690 | D:9      | Killed a death yak
  9693 | D:9      | Killed a death yak
  9696 | D:9      | Killed a death yak
  9702 | D:9      | Killed a death yak
  9895 | D:9      | Found a staircase to the Lair.
  9932 | D:9      | Found a runed translucent door.
  9937 | D:9      | Noticed Amaemon
 10120 | D:9      | Found a broken altar of Ashenzari.
 10178 | D:9      | Killed Amaemon
 10179 | D:9      | Reached skill level 12 in Unarmed Combat
 10439 | D:9      | Found a basalt altar of Yredelemnul.
 10510 | D:10     | Entered Level 10 of the Dungeon
 10526 | D:10     | Noticed Nergalle
 10662 | D:10     | Found a staircase to the Orcish Mines.
 10691 | D:10     | Killed Nergalle
 10777 | D:10     | Reached ***** piety under Vehumet
 10796 | D:10     | Noticed a tengu warrior
 10966 | D:11     | Offered knowledge of Eringya's Noxious Bog by Vehumet.
 10974 | D:11     | Learned a level 6 spell: Eringya's Noxious Bog
 10977 | D:11     | Learned a level 2 spell: Mercury Vapours
 11111 | D:11     | Noticed a purple ugly thing
 11121 | D:11     | Killed a purple ugly thing
 11142 | D:11     | Found a runed translucent door.
 11216 | D:11     | Noticed a two-headed ogre
 11220 | D:11     | Killed a two-headed ogre
 11590 | D:10     | Killed a tengu warrior
 11595 | D:10     | Reached XP level 12. HP: 92/106 MP: 22/22
 11867 | D:10     | Reached skill level 13 in Unarmed Combat
 12048 | D:10     | Noticed Urug
 12059 | D:10     | Killed Urug
 12351 | Lair:1   | Entered Level 1 of the Lair of Beasts
 12453 | Lair:1   | Reached skill level 10 in Fighting
 12604 | Lair:1   | Found a runed translucent door.
 12607 | Lair:1   | Noticed Melody's ghost (journeyman TrFi)
 13911 | Lair:2   | Reached skill level 5 in Dodging
 13943 | Lair:2   | Found a staircase to the Snake Pit.
 13996 | Lair:2   | Reached skill level 14 in Unarmed Combat
 14747 | Lair:2   | Found a staircase to the Swamp.
 14900 | Lair:2   | Reached skill level 1 in Alchemy
 15472 | Lair:3   | Reached XP level 13. HP: 97/116 MP: 23/23
 16318 | Lair:3   | Reached skill level 10 in Shapeshifting
 16347 | Lair:3   | Offered knowledge of Bombard by Vehumet.
 17528 | Lair:4   | Reached skill level 15 in Unarmed Combat
 17626 | Lair:4   | Learned a level 6 spell: Bombard
 18685 | Lair:5   | Entered Level 5 of the Lair of Beasts
 20503 | Lair:5   | Gained mutation: You have acidic saliva. [Yellow Draconian
                  | growth]
 20503 | Lair:5   | Reached XP level 14. HP: 125/126 MP: 26/26
 20957 | Lair:5   | Reached skill level 16 in Unarmed Combat
 21100 | Lair:5   | Found a runed translucent door.
 21100 | Lair:5   | Found a viscous altar of Jiyva.
 21104 | Lair:5   | Noticed an acid blob
 21104 | Lair:5   | Noticed an acid blob
 22489 | Lair:5   | Found a staircase to the Slime Pits.
 22489 | Lair:5   | Noticed an acid blob
 22638 | Orc:1    | Entered Level 1 of the Orcish Mines
 23232 | Orc:2    | Entered Level 2 of the Orcish Mines
 23240 | Orc:2    | Offered knowledge of Arcjolt by Vehumet.
 23277 | Orc:1    | Learned a level 5 spell: Arcjolt
 23567 | Orc:2    | Noticed Maurice
 23608 | Orc:2    | Killed Maurice
 23636 | Orc:2    | Found a staircase to the Elven Halls.
 23925 | Orc:2    | Found Bomir's Antique Armour Shoppe.
 24385 | Orc:2    | Noticed an orc warlord
 24661 | Orc:1    | Killed an orc warlord
 25297 | Orc:2    | Found Rahozu Dailo's Antique Weapon Shoppe.
 25299 | Orc:2    | Found Meilallocw's Antique Armour Shoppe.
 25324 | Orc:2    | Found Sauty's Armour Shop.
 26585 | D:12     | Found a gate leading to a gauntlet.
 26593 | Gauntlet | Entered a Gauntlet
 26593 | Gauntlet | Found a transporter.
 26694 | Gauntlet | Found a transporter.
 26698 | Gauntlet | Found a transporter.
 26700 | Gauntlet | Found a transporter.
 26700 | Gauntlet | Found a transporter.
 26701 | Gauntlet | Found a transporter.
 26709 | Gauntlet | Noticed a reaper
 26714 | Gauntlet | Found a transporter.
 26740 | Gauntlet | Found a transporter.
 26740 | Gauntlet | Found a transporter.
 26747 | Gauntlet | Found a transporter.
 26777 | Gauntlet | Found a transporter.
 26810 | Gauntlet | Found a transporter.
 26907 | Gauntlet | Identified the ring "Boypp" {AC+4 Str+3}
 27007 | Gauntlet | Demolished by a seven-headed hydra simulacrum

Illustrated notes

Levels and vault maps discovered:
D:1:      saegor_arrival_fortress, layout_basic,
          dreamdust_ecumenical_altar_sealed_demon, st_stairs_3
D:2:      layout_loops_corners, serial_shops, nicolae_diamond_shop,
          grunt_ministairs_11, uniq_sigmund
D:3:      layout_basic
D:4:      cheibrodos_thug_alley, layout_cave_pods, grunt_qazlal_clouds,
          mainiacjoe_overflow_six_doors_small
D:5:      layout_basic, mainiacjoe_overflow_alcove_2, minmay_temple_entry_wispy,
          uniq_menkaure
D:6:      minmay_angry_zag, layout_rooms, dreamdust_divine_triumvirate,
          nicolae_dithmenos_through_a_glass_darkly, serial_corexii_hall,
          corexii_hall_statues_i, chequers_hall_statues_wall_a,
          corexii_hall_statues_s, corexii_hall_statues_l
D:7:      regret_index_malice_mire, layout_basic, lemuel_crystal_altar,
          uniq_duvessa
D:8:      layout_cave_pools, mainiacjoe_overflow_swirl, serial_column_ruins,
          column_ruins_hut, column_ruins_hut_ruined, column_ruins_grid_1,
          column_ruins_columns_straight, column_ruins_grid_1,
          column_ruins_open_small, column_ruins_grid_4, serial_shops,
          nicolae_shop_rolling_square, chequers_garden, serial_park_tiny_1,
          minmay_stone_trees_small, minmay_curled_crystal
D:9:      layout_cave_pools, mainiacjoe_overflow_small_starburst,
          dk_yredelemnul_ordeal, lemuel_doored_altar, dpeg_lair_monsters,
          uniq_amaemon
D:10:     layout_gridville, orc_0_dummy, enter_bailey_2, serial_bayou_pond_e,
          minivault_1, uniq_nergalle, uniq_urug
D:11:     dreamdust_labyrinth, layout_loops_ring, hive_lemuel
D:12:     layout_roguey, gauntlet_entry_generic, nrook_guardian_serpent_ordinary
Lair:1:   layout_long_grid, ebering_ghost_reflecting_pool
Lair:2:   layout_cave_pods, nicolae_swamp_entry_splash_gauntlet,
          minmay_snake_entry_spellcaster
Lair:3:   layout_hall_layers
Lair:4:   layout_cave_pods, minivault_24
Lair:5:   grunt_lair_end_beastmaster, layout_hall_layers, slime_entry_2,
          grunt_megastairs_5
Orc:1:    layout_caves, basic_altar
Orc:2:    hellmonk_orc_salted, layout_caves, uniq_maurice
Gauntlet: minmay_gauntlet_mixed_oops_all_seconds
          [minmay_gauntlet_arena_77_block_sizes, nicolae_gauntlet_swirl,
          minmay_gauntlet_arena_77_hold_the_fort, nicolae_gauntlet_arena_x,
          minmay_gauntlet_arena_77_checkered, gammafunk_gauntlet_arena_mazey,
          nicolae_gauntlet_exit_dead_adventurers]

Skill      XL: |  1  2  3  4  5  6  7  8  9 10 11 12 13 14 |
---------------+-------------------------------------------+-----
Fighting       | 2 3 4 5 7 8 9 11 12 13 | 13.3
Spellcasting   | 1 2 3 4 5 6 7 8 9 |  9.0
Unarmed Combat | 4 5 6 8 9 11 12 14 15 16 | 16.6
Shapeshifting  | 4 5 6 7 8 9 10 11 | 11.6
Dodging        | 3 5 7 |  7.0
Alchemy        | 1 3 |  3.2

Action                     |  1- 3 |  4- 6 |  7- 9 | 10-12 | 13-15 || total
---------------------------+-------+-------+-------+-------+-------++-------
  Melee: Unarmed           |    90 |   117 |   311 |   588 |   895 ||  2001
         Tailslap          |    13 |    15 |    47 |   133 |   178 ||   386
         Punch             |     2 |     2 |    15 |     6 |     1 ||    26
         Bite              |       |       |       |       |    84 ||    84
   Cast: Momentum Strike   |       |       |     4 |       |       ||     4
         Mercury Vapours   |       |       |       |     9 |     9 ||    18
Ability: Breathe Acid      |       |       |     7 |    36 |    44 ||    87
  Evoke: Wand              |       |       |     6 |     6 |     3 ||    15
    Use: Potion            |     2 |     1 |     2 |       |     3 ||     8
         Scroll            |       |       |     2 |    13 |     4 ||    19
   Stab: Invisible         |     2 |       |       |       |       ||     2
         Sleeping          |       |     2 |       |       |       ||     2
 Armour: Skin              |    42 |    63 |   193 |   256 |   446 ||  1000
  Dodge: Dodged            |    53 |    47 |   203 |   522 |   871 ||  1696
   Form: Flux              |       |       |       |     1 |       ||     1
